 Dungeon Crawl Stone Soup version 0.29.1-12-g30fa7ad0bf (webtiles) character file.

Game seed: 6884546960096421625

1708 bubby the Magician (level 9, -1/55 HPs)
             Began as a Djinni Fire Elementalist on Jan 15, 2023.
             Was a Follower of Makhleb.
             Slain by a +0 giant club (16 damage)
             ... animated by the player character
             ... on level 7 of the Dungeon.
             The game lasted 00:25:17 (8965 turns).

bubby the Magician (Djinni Fire Elementalist)       Turns: 8965, Time: 00:25:21

Health: -1/55      AC:  4    Str:  7    XL:     9   Next: 23%
Gold:   364        EV: 16    Int: 22    God:    Makhleb [*.....] SH:  0 Dex: 19

rFire   + + .      SeeInvis .   e - +0 dagger
rCold   x . .      Faith    .   (no shield)
rNeg    . . .      Spirit   .   a - +0 robe
rPois   ∞          Reflect  .   (no helmet)
rElec   .          Harm     .   p - +0 cloak
rCorr   .          Rampage  .   D - +0 pair of gloves
Will    +....                   (boots unavailable)
Stlth   +++.......              (no amulet)
HPRegen 0.18/turn               b - ring of willpower
MPRegen 0.00/turn               i - +6 ring of dexterity

@: flying
A: sickness immunity, fire resistance 2, cold vulnerability 1, float, innate
caster, HP casting, extra vitality 1
a: Renounce Religion


You were on level 7 of the Dungeon.
You worshipped Makhleb.
Makhleb was aware of your devotion.
You visited 1 branch of the dungeon, and saw 7 of its levels.

You collected 364 gold pieces.

Inventory:

Hand Weapons
 e - a +0 dagger (weapon)
Missiles
 c - 5 atropa-tipped darts
Armour
 a - a +0 robe (worn)
 k - the +3 chain mail of the Will of the Gods {rN+ SInv}
   (You found it on level 2 of the Dungeon)

   rN:        It protects you from negative energy.
   SInv:      It lets you see invisible.
 p - a +0 cloak (worn)
 D - a +0 pair of gloves (worn)
Magical Staves
 w - a staff of poison
Jewellery
 b - a ring of willpower (left hand)
 i - a +6 ring of dexterity (right hand)
 s - a ring of positive energy
Wands
 t - a wand of paralysis (10)
 C - a wand of flame (15)
 F - a wand of acid (3)
Scrolls
 g - a scroll of blinking {unknown}
 j - 3 scrolls of enchant armour {unknown}
 n - 2 scrolls of immolation {unknown}
 o - a scroll of noise
 q - 3 scrolls of poison {unknown}
 u - 4 scrolls of teleportation {unknown}
 x - 4 scrolls of enchant weapon {unknown}
 y - a scroll of fear {unknown}
 E - a scroll of amnesia {unknown}
 G - a scroll of torment {unknown}
 H - 2 scrolls of identify
Potions
 d - a potion of ambrosia
 f - a potion of might
 h - 5 potions of curing {unknown}
 l - 4 potions of mutation {unknown}
 m - a potion of lignification
 v - a potion of cancellation
 z - a potion of haste
 A - 2 potions of degeneration {unknown}
 B - a potion of brilliance


   Skills:
 + Level 6.5 Dodging
 + Level 5.3 Stealth
 * Level 6.5 Spellcasting


You couldn't memorise any spells.
You knew the following spells:

 Your Spells              Type           Power      Damage    Failure   Level
a - Foxfire               Conj/Fire      100%       2x1d9     1%          1
b - Scorch                Fire           72%        2d9       1%          2
c - Conjure Flame         Conj/Fire      36%        6-21      1%          3
d - Inner Flame           Hex/Fire       36%        N/A       1%          3
e - Flame Wave            Conj/Fire      36%        2d10      6%          4
f - Freeze                Ice            100%       1d11      1%          1
g - Call Imp              Summ           36%        N/A       1%          2
h - Tukima's Dance        Hex            36%        N/A       1%          3
i - Gell's Gravitas       Tloc           36%        N/A       1%          3
Your spell library was empty.

Dungeon Overview and Level Annotations

Branches:
Dungeon (7/15)             Temple (0/1) D:4

Altars:
Ashenzari
Dithmenos
Hepliaklqana
Makhleb
Ru
Yredelemnul

Shops:
D:5 =

Annotations:
D:7 Pikel


Innate Abilities, Weirdness & Mutations

You are immune to sickness and miasma.
You are immune to poison.
Your flesh is very heat resistant. (rF++)
You are vulnerable to cold. (rC-)
You float through the air rather than walking.
You learn spells naturally, not from books.
Your magical power is your life essence.
You have superior vitality. (+4 MHP)


Message History

Casting: Gell's Gravitas (safe; 1% risk of failure)
Confirm with . or Enter, or press ? or * to list all spells.
Flames lash the ogre.
The ogre is heavily wounded.
The ogre's fire resistance burns away.
Your iron imp hits the ogre.
The ogre hits you but does no damage. The hound bites you.
Casting: Scorch (safe; 1% risk of failure)
Confirm with . or Enter, or press ? or * to list all spells.
Flames lash the hound.
The hound is heavily wounded.
The hound's fire resistance burns away.
The hound misses you.
Your iron imp barely misses the ogre.
Casting: Scorch (safe; 1% risk of failure)
Confirm with . or Enter, or press ? or * to list all spells.
Flames lash the ogre.
The ogre is burned terribly!
You kill the ogre!
Makhleb accepts your kill. The hound bites you. The +0 giant club hits you!!
Ouch! That really hurt!
* * * LOW HITPOINT WARNING * * *
The hound closely misses you.
Your iron imp misses the hound.
You feel much better. The hound bites you.
Casting: Scorch (safe; 1% risk of failure)
Confirm with . or Enter, or press ? or * to list all spells.
Flames lash the hound.
The hound is burned terribly!
The hound is severely wounded.
The hound bites you but does no damage. The +0 giant club barely misses you.
Your iron imp hits the hound!
The hound dies!
Makhleb accepts your kill.
A +0 giant club is nearby!
A +0 giant club is nearby!
Casting: Scorch (safe; 1% risk of failure)
Confirm with . or Enter, or press ? or * to list all spells.
Flames lash the +0 giant club.
The +0 giant club resists.
The +0 giant club is heavily damaged.
The +0 giant club's fire resistance burns away.
* * * LOW HITPOINT WARNING * * *
The +0 giant club hits you!
You die...

##.##### #### #......# ...
#......## .#####.
.###.....(.. ..#.#..
.........# ..#.#.#
#.......###### ....#.#
#.5(......... ..#.#.#
#.@........# ....#.#
##........#
.##.#.##########........####
####..........##...........#
..............######....##.#
###...........######....#
..............>....#....#
....:..........###.#....#
......########)# #(.....#


You could see a +0 giant club (combustible, ally target) and a friendly iron imp
(summoned).

Vanquished Creatures
  3 dancing weapons
  Duvessa (D:7)
  A black bear (D:6)
  2 ogres
  A centaur (D:7)
  2 phantoms
  A kobold brigand (D:7)
  2 lemures (D:6)
  2 bullfrogs (D:7)
  A scorpion (D:5)
  Dowan (D:7)
  3 wights (D:6)
  A howler monkey (D:6)
  A vampire bat (D:6)
  An orc priest (D:6)
  A jelly (D:7)
  5 hounds
  2 iguanas
  2 orc wizards
  10 adders
  2 white imps
  2 ufetubi (D:5)
  2 worms
  2 dart slugs
  17 orcs
  9 ball pythons
  9 bats
  2 bat skeletons (D:6)
  4 bat zombies (D:6)
  3 endoplasms
  2 giant cockroaches
  7 goblins
  5 hobgoblins
  15 kobolds
  5 quokkas
  A frilled lizard (D:1)
  11 rats
141 creatures vanquished.

Vanquished Creatures (collateral kills)
  A hound (D:7)
  A kobold (D:7)
2 creatures vanquished.

Vanquished Creatures (others)
  3 dancing weapons
  255 foxfires
258 creatures vanquished.

Grand Total: 401 creatures vanquished

Notes
Turn   | Place    | Note
-------+----------+-------------------------------------------
     0 | D:1      | bubby the Djinni Fire Elementalist began the quest for the
                  | Orb.
     0 | D:1      | bubby set off with the following spells memorised: Foxfire,
                  | Scorch, Conjure Flame, Inner Flame, Flame Wave.
     0 | D:1      | Reached XP level 1. HP: 15/15 MP: 0/0
   291 | D:1      | Reached XP level 2. HP: 16/21 MP: 0/0
  1062 | D:1      | Reached XP level 3. HP: 21/25 MP: 0/0
  1062 | D:1      | Learned a level 1 spell: Freeze
  1350 | D:1      | Found a faded altar of an unknown god.
  2041 | D:2      | Found a basalt altar of Yredelemnul.
  2480 | D:2      | Reached XP level 4. HP: 30/31 MP: 0/0
  2496 | D:2      | Identified the +3 chain mail of the Will of the Gods {rN+
                  | SInv}
  3291 | D:3      | Found a sacrificial altar of Ru.
  3512 | D:3      | Reached XP level 5. HP: 31/35 MP: 0/0
  3512 | D:3      | Learned a level 2 spell: Call Imp
  4350 | D:4      | Reached XP level 6. HP: 33/40 MP: 0/0
  4709 | D:4      | Found a basalt altar of Yredelemnul.
  4907 | D:4      | Found a staircase to the Ecumenical Temple.
  4962 | D:4      | Found a burning altar of Makhleb.
  4973 | D:4      | Found a hazy altar of Hepliaklqana.
  4987 | D:4      | Found a broken altar of Ashenzari.
  5174 | D:5      | Entered Level 5 of the Dungeon
  5234 | D:5      | Reached XP level 7. HP: 26/45 MP: 0/0
  5234 | D:5      | Learned a level 3 spell: Tukima's Dance
  5659 | D:5      | Found Buisots's Jewellery Emporium.
  6073 | D:4      | Became a worshipper of Makhleb the Destroyer
  6499 | D:6      | Found a shadowy altar of Dithmenos.
  6504 | D:6      | Reached skill level 5 in Spellcasting
  6510 | D:6      | Reached skill level 5 in Dodging
  6510 | D:6      | Reached XP level 8. HP: 34/50 MP: 0/0
  7845 | D:7      | Noticed Pikel
  8203 | D:7      | Noticed Duvessa
  8209 | D:7      | Noticed Dowan
  8216 | D:7      | Killed Duvessa
  8216 | D:7      | Killed Dowan
  8449 | D:7      | Reached XP level 9. HP: 50/55 MP: 0/0
  8449 | D:7      | Learned a level 3 spell: Gell's Gravitas
  8543 | D:7      | Reached * piety under Makhleb
  8701 | D:7      | Reached skill level 5 in Stealth
  8962 | D:7      | HP: 1/55 [+0 giant club[the player character] (30)]
  8965 | D:7      | Slain by a +0 giant club

Illustrated notes

Levels and vault maps discovered:
D:1:      amcnicky_arrival_choice, layout_basic, ebering_ecumenical_altar_mist,
          st_stairs_6, minmay_misc_feat_alley, chequers_serial_rivers_small_a,
          hangedman_decor_clover_reticule
D:2:      layout_rooms, basic_altar, hangedman_abyss_or_decor_lesser_grid,
          minmay_octomino_j4
D:3:      layout_loops_ring, nicolae_ru_awakened_eye, grunt_decor_resistance,
          kennysheep_generic_room_6
D:4:      minmay_octagon_keep, layout_basic, nicolae_overflow_quartered_altars,
          minmay_temple_entry_glassed_door
D:5:      nicolae_cairo_tiling_large, layout_rooms, serial_shops, shop
D:6:      layout_basic, kennysheep_vampire_church, old_standard_altar
D:7:      layout_basic, uniq_pikel, uniq_duvessa

Skill      XL: |  1  2  3  4  5  6  7  8  9 |
---------------+----------------------------+-----
Stealth        | 2 3 4 5 |  5.3
Spellcasting   | 3 4 5 6 |  6.5
Dodging        | 3 4 5 6 |  6.5

Action                   |  1- 3 |  4- 6 |  7- 9 || total
-------------------------+-------+-------+-------++-------
 Fire: Sling             |    14 |    39 |     4 ||    57
 Cast: Foxfire           |    58 |     1 |   100 ||   159
       Scorch            |    17 |    60 |    41 ||   118
       Tukima's Dance    |       |       |    17 ||    17
       Call Imp          |       |       |     8 ||     8
       Inner Flame       |       |       |     5 ||     5
       Freeze            |       |       |     2 ||     2
       Gell's Gravitas   |       |       |     1 ||     1
  Use: Scroll            |       |       |     8 ||     8
       Potion            |       |       |     1 ||     1
Armor: Robe              |     1 |     2 |    13 ||    16
Dodge: Dodged            |     6 |     9 |    29 ||    44
